 Dungeon Crawl Stone Soup version 0.31-a0-133-gaae73658be (webtiles) character file.

Game seed: 10495140287616775919

335 IdlyInterested the Trooper (level 6, -2/51 HPs)
             Began as a Demonspawn Wanderer on June 2, 2023.
             Succumbed to a killer bee's poison
             ... on level 4 of the Dungeon.
             The game lasted 00:08:34 (3022 turns).

IdlyInterested the Trooper (Demonspawn Wanderer)    Turns: 3022, Time: 00:08:34

Health: -2/51      AC:  9    Str: 12    XL:     6   Next: 28%
Magic:  6/6        EV: 13    Int: 14    God:
Gold:   128        SH:  0    Dex: 20    Spells: 5/5 levels left

rFire   . . .        a - +2 quarterstaff
rCold   . . .        (shield currently unavailable)
rNeg    + . .        z - +0 leather armour {rN+}
rPois   .            (no helmet)
rElec   .            F - scarf {+Inv}
rCorr   .            r - +0 pair of gloves
SInv    .            o - +2 pair of boots
Will    .....        (no amulet)
Stlth   ++           l - +6 ring of dexterity
HPRegen 0.28/turn    (no ring)
MPRegen 0.20/turn

%: no passive effects
@: lethally poisoned (-2 -> -10)
A: yellow scales 1, magic regeneration
a: Evoke Invisibility


You were on level 4 of the Dungeon.
You visited 2 branches of the dungeon, and saw 5 of its levels.

You collected 128 gold pieces.

Inventory:

Hand Weapons
 a - a +2 quarterstaff (weapon)
 d - a +0 flail
 j - a +0 trident
 x - a +0 war axe
 y - a +0 long sword
 D - a +2 dagger of electrocution
Missiles
 f - 2 throwing nets
 g - 26 stones (quivered)
 B - 3 poisoned darts
Armour
 c - a +0 pair of boots
 e - a +0 robe
 i - a +0 leather armour
 m - a +0 ring mail
 o - a +2 pair of boots (worn)
 r - a +0 pair of gloves (worn)
 z - a +0 leather armour of positive energy (worn)
 E - a +2 chain mail of cold resistance
 F - a scarf of invisibility (worn)
Jewellery
 l - a +6 ring of dexterity (left hand)
Scrolls
 b - a scroll of fog {unknown}
 h - a scroll of teleportation {unknown}
 k - 4 scrolls of identify {unknown}
 n - a scroll of enchant weapon {unknown}
 p - a scroll of poison {unknown}
 v - a scroll of enchant armour {unknown}
 C - a scroll of brand weapon {unknown}
 G - a scroll of torment {unknown}
 I - a scroll of blinking {unknown}
Potions
 t - a potion of curing {unknown}
 u - a potion of brilliance {unknown}
 w - a potion of cancellation {unknown}
 H - a potion of resistance {unknown}


   Skills:
 * Level 5.2 Fighting
 - Level 1.7 Staves
 - Level 1.7 Ranged Weapons
 - Level 1.0 Throwing
 - Level 1.0 Armour
 + Level 2.8 Dodging
 - Level 1.0 Stealth
 - Level 1.2 Invocations
 - Level 2.0 Evocations


You had 5 spell levels left.
You didn't know any spells.
Your spell library contained the following spells:

 Spells                   Type           Power      Damage    Failure   Level
 Beastly Appendage        Tmut           0%         N/A       36%         1
 Magic Dart               Conj           0%         1d3       36%         1
 Call Imp                 Summ           0%         N/A       50%         2
 Wereblood                Tmut           0%         N/A       50%         2
 Mephitic Cloud           Conj/Pois/Air  0%         N/A       73%         3
 Spider Form              Tmut/Pois      0%         N/A       73%         3


Dungeon Overview and Level Annotations

Branches:
Dungeon (4/15)             Temple (1/1) D:4

Altars:
Hepliaklqana
Kikubaaqudgha
Makhleb
Nemelex Xobeh
Qazlal
Ru
Sif Muna
Trog
Uskayaw
Wu Jian

Shops:
D:3 (


Innate Abilities, Weirdness & Mutations

You are partially covered in yellow scales. (AC +2)
You regenerate magic rapidly.


Message History

It was a potion of heal wounds.
You feel much better.
You feel sick. The killer bee closely misses you. x2
You completely miss the killer bee.
You feel sick.
You are no longer poisoned.
The killer bee stings you but does no damage. x2
You miss the killer bee. The killer bee closely misses you.
The killer bee stings you but does no damage.
The killer bee completely misses you.
You miss the killer bee.
The killer bee stings you but does no damage. x2
You closely miss the killer bee. The killer bee stings you.
The killer bee misses you. The killer bee closely misses you.
You thump the killer bee!
The killer bee is severely wounded.
The killer bee stings you.
You are poisoned.
The killer bee poisons you! The killer bee closely misses you.
You closely miss the killer bee.
The killer bee is severely wounded.
You feel very sick. The killer bee stings you. The killer bee misses you.
The killer bee stings you.
You closely miss the killer bee.
The killer bee is severely wounded.
You feel sick. The killer bee stings you.
* * * LOW HITPOINT WARNING * * *
The killer bee stings you.
* * * LOW HITPOINT WARNING * * *
You barely miss the killer bee.
The killer bee is severely wounded.
You feel sick. The killer bee closely misses you.
The killer bee barely misses you.
You thump the killer bee!
You kill the killer bee!
You feel sick. The killer bee closely misses you. The killer bee stings you.
* * * LOW HITPOINT WARNING * * *
You are more poisoned.
The killer bee poisons you!
It was a potion of magic.
Magic courses through your body.
You die...

#......#............#
#......#............#
#......#............#
#......#............#
.......#............#
..†....+............#
.[.....#........y...#
#......#..<#####y##.#
#......#.### #@# #
#...#...## ###
#...#...# ....#...##
..[.##...#
.#####...## # ##...#
# #...## #####
##...##


You could see 2 killer bees.

Vanquished Creatures
  4 killer bees (D:4)
  An iguana (D:4)
  An adder (D:3)
  4 gnolls (D:3)
  A worm (D:3)
  2 dart slugs
  2 orcs (D:3)
  8 endoplasms
  5 giant cockroaches
  3 goblins
  11 hobgoblins
  6 jackals (D:1)
  4 quokkas
  A ball python (D:1)
  4 bats
  5 frilled lizards
  5 kobolds
  6 rats
73 creatures vanquished.

Notes
Turn   | Place    | Note
-------+----------+-------------------------------------------
     0 | D:1      | IdlyInterested the Demonspawn Wanderer began the quest for
                  | the Orb.
     0 | D:1      | IdlyInterested set off with the following items: a +2
                  | quarterstaff, a +0 sling, a +0 pair of boots, a potion of
                  | berserk rage, a +0 robe.
     0 | D:1      | Reached XP level 1. HP: 15/15 MP: 1/1
   161 | D:1      | Gained mutation: You are partially covered in yellow
                  | scales. (AC +2) [demonic ancestry]
   161 | D:1      | Reached XP level 2. HP: 16/22 MP: 2/2
   227 | D:1      | Reached skill level 2 in Fighting
   384 | D:1      | Reached skill level 1 in Throwing
   505 | D:1      | Reached XP level 3. HP: 28/28 MP: 3/3
  1058 | D:2      | Reached skill level 1 in Evocations
  1127 | D:2      | Found a sparkling altar of Nemelex Xobeh.
  1520 | D:3      | Reached skill level 3 in Fighting
  1772 | D:3      | Reached XP level 4. HP: 24/35 MP: 4/4
  2274 | D:3      | Found Wiby's Antique Weapon Emporium.
  2688 | D:4      | Found a staircase to the Ecumenical Temple.
  2709 | Temple   | Entered the Ecumenical Temple
  2942 | D:4      | Reached skill level 4 in Fighting
  2942 | D:4      | Reached XP level 5. HP: 35/42 MP: 5/5
  3012 | D:4      | Reached skill level 5 in Fighting
  3012 | D:4      | Gained mutation: You regenerate magic rapidly. [demonic
                  | ancestry]
  3012 | D:4      | Reached XP level 6. HP: 11/51 MP: 6/6
  3021 | D:4      | HP: 1/51 [killer bee (6)]
  3022 | D:4      | Succumbed to a killer bee's poison

Illustrated notes

Levels and vault maps discovered:
D:1:      lightli_iron_boxes, layout_basic
D:2:      layout_loops_cross, basic_altar, dk_vineyard_3
D:3:      layout_loops_corners, serial_shops, shop
D:4:      layout_basic, mainiacjoe_overflow_surrounded_room,
          minmay_temple_entry_grid, serial_curves, eino_curves_01,
          eino_curves_01, eino_curves_03, kennysheep_generic_room_15
Temple:   nicolae_temple_bog_church

Skill      XL: |  1  2  3  4  5 |
---------------+----------------+-----
Fighting       | 2 3 4 5 |  5.2
Throwing       | 1 |  1.0
Evocations     | 1 2 |  2.0
Dodging        | 2 |  2.8
Staves         | |  1.7
Ranged Weapons | |  1.7
Armour         | |  1.0
Stealth        | |  1.0
Invocations    | |  1.2

Action                     |  1- 3 |  4- 6 || total
---------------------------+-------+-------++-------
  Melee: Quarterstaff      |   119 |    76 ||   195
    Use: Potion            |       |     5 ||     5
   Stab: Sleeping          |     5 |     2 ||     7
 Armour: Leather armour    |    12 |    31 ||    43
         Robe              |     2 |       ||     2
         Ring mail         |    22 |       ||    22
  Dodge: Dodged            |    75 |    66 ||   141

Table legend: (Time is in decaauts)
 A = Elapsed time spent in this place.
 B = Non-inter-level travel time spent in this place.
 C = Inter-level travel time spent in this place.
 D = Time resting spent in this place.
 E = Time spent auto-exploring this place.
 F = Levels seen in this place.
 G = Mean time per level.
                   A        B        C        D        E       F      G
               +--------+--------+--------+--------+--------+-----+--------+
         Total |   3079 |   2616 |    463 |    201 |   1557 |   5 |  615.8 |
       Dungeon |   2884 |   2453 |    431 |    201 |   1408 |   4 |  721.0 |
        Temple |    194 |    162 |     32 |      0 |    149 |   1 |  194.0 |
               +--------+--------+--------+--------+--------+-----+--------+

Top non-repeatable levels by time:
     D:3: 1125 daAuts
     D:1: 871 daAuts
     D:2: 715 daAuts
  Temple: 194 daAuts
     D:4: 172 daAuts
